 Dungeon Crawl Stone Soup version 0.31.0-11-ge490571c62 (webtiles) character file.

Game seed: 14895854646700616487

63 SnakkuSnakku7 the Trooper (level 3, -11/29 HPs)
             Began as a Mummy Alchemist on Jan 27, 2024.
             Killed from afar by Robin (15 damage)
             ... with a puff of flame
             ... on level 2 of the Dungeon.
             The game lasted 00:02:48 (1444 turns).

SnakkuSnakku7 the Trooper (Mummy Alchemist)         Turns: 1444, Time: 00:02:49

Health: -11/29     AC:  6    Str: 13    XL:     3   Next: 89%
Magic:  7/7        EV: 10    Int: 14    God:
Gold:   100        SH:  0    Dex: 12    Spells: 6/7 levels left

rFire   x . .        d - +0 whip
rCold   + . .        (no shield)
rNeg    + + +        e - +0 ring mail
rPois   ∞            (no helmet)
rElec   .            f - +0 cloak
rCorr   .            (no gloves)
SInv    .            (no boots)
Will    .....        (no amulet)
Stlth   +            (no ring)
HPRegen 0.24/turn    (no ring)
MPRegen 0.10/turn

%: faith
@: no status effects
A: cold resistance 1, negative energy resistance 3, torment resistance 2, heat
vulnerability 1, in touch with death 1, no potions, faith
a: no special abilities


You were on level 2 of the Dungeon.
You visited 1 branch of the dungeon, and saw 2 of its levels.

You collected 100 gold pieces.

Inventory:

Hand Weapons
 d - a +0 whip (weapon)
Armour
 a - a +0 robe
 e - a +0 ring mail (worn)
 f - a +0 cloak (worn)
Jewellery
 k - a ring of wizardry
Wands
 c - a wand of flame (12)
Scrolls
 b - a scroll of enchant armour {unknown}
 g - a scroll of teleportation {unknown}
 h - a scroll of fear {unknown}
 i - a scroll of brand weapon {unknown}
 j - a scroll of identify {unknown}
 l - a scroll of torment {unknown}


   Skills:
 + Level 3.6 Fighting
 - Level 1.5 Dodging
 - Level 1.5 Stealth
 - Level 2.6 Spellcasting
 - Level 0.7 Conjurations
 - Level 2.4 Alchemy


You had 6 spell levels left.
You knew the following spells:

 Your Spells              Type           Power      Damage    Failure   Level
a - Sting                 Conj/Alch      24%        1d4       26%         1

Your spell library contained the following spells:

 Spells                   Type           Power      Damage    Failure   Level
 Mercury Vapours          Alch/Air       10%        N/A       41%         2
 Mephitic Cloud           Conj/Alch/Air  4%         N/A       67%         3
 Olgreb's Toxic Radiance  Alch           8%         N/A       87%         4
 Sticky Flame             Fire/Alch      5%         2d4       96%         4


Dungeon Overview and Level Annotations

Branches:
Dungeon (2/15)

Altars:
Cheibriados

Annotations:
D:2 Robin


Innate Abilities, Weirdness & Mutations

You are immune to poison.
Your flesh is cold resistant. (rC+)
You are immune to negative energy. (rN+++)
You are immune to unholy pain and torment.
You are vulnerable to heat. (rF-)
You are in touch with the powers of death.
You do not drink.
You have a special connection with the divine. (Faith)


Message History

The hobgoblin is severely wounded.
The hobgoblin completely misses you.
You hit the hobgoblin.
You kill the hobgoblin!
No target in view!
A goblin comes into view. It is wielding a +0 dagger.
The goblin moves out of view.
A goblin is nearby!
A goblin is nearby!
The goblin barely misses you.
You hit the goblin.
You kill the goblin!
Robin hits you but does no damage.
Robin zaps a wand.
The puff of flame hits you! The fire burns you terribly!
Robin says, "My army is invincible!"
Robin zaps a wand.
The puff of flame hits you! The fire burns you terribly!
You hit Robin but do no damage. Robin hits you with a +0 spear.
* * * LOW HITPOINT WARNING * * *
Aiming: Throw Flame
Press: ? - help, Shift-Dir - straight line, f - Robin
Aim: Robin, wielding a +0 spear, wearing a +0 animal skin, wearing a +1 helmet and carrying a wand of flame (77% to hit)
The puff of flame hits Robin.
Robin is heavily wounded.
Robin closely misses you.
Aiming: Throw Flame
Press: ? - help, Shift-Dir - straight line, f/p - Robin
Aim: Robin, wielding a +0 spear, wearing a +0 animal skin, wearing a +1 helmet and carrying a wand of flame (heavily wounded, 77% to hit)
The puff of flame hits Robin.
Robin is heavily wounded.
Robin hits you with a +0 spear.
* * * LOW HITPOINT WARNING * * *
Aiming: Throw Flame
Press: ? - help, Shift-Dir - straight line, f/p - Robin
Aim: Robin, wielding a +0 spear, wearing a +0 animal skin, wearing a +1 helmet and carrying a wand of flame (heavily wounded, 77% to hit)
The puff of flame hits Robin!
Robin is almost dead.
Robin zaps a wand.
The puff of flame hits you! The fire burns you terribly!
Ouch! That really hurt!
You die...
Robin lets out a smug laugh.

#.# #......# #............ ##.#
#......##.............
######..###.....................
#........##.(.................##
###...............### .......#.
#.#######......## ......... #.#
###......#######...#.... #(#
##.......)........#.....#
#.####..#....@..............#.
#......##...g###...##.........
####.#..........###...##.........
...<)†..[..####...#...##.........
...)......## ###.#...##.g.......
.........## #.gg...gg........
.....)...# ###.g...g........
.........# #...#..........
########## #...##.........


You could see Robin.

Vanquished Creatures
  An adder (D:2)
  A ribbon worm (D:2)
  A dart slug (D:1)
  7 bats (D:1)
  3 endoplasms (D:1)
  12 goblins
  10 hobgoblins
  A quokka (D:1)
  2 ball pythons
  3 frilled lizards
  3 kobolds
  A rat (D:1)
45 creatures vanquished.

Notes
Turn   | Place    | Note
-------+----------+-------------------------------------------
     0 | D:1      | SnakkuSnakku7 the Mummy Alchemist began the quest for the
                  | Orb.
     0 | D:1      | Reached XP level 1. HP: 13/13 MP: 4/4
     5 | D:1      | You fall into a shaft and drop 1 floor!
    36 | D:2      | Reached skill level 1 in Fighting
    36 | D:2      | Reached XP level 2. HP: 13/22 MP: 1/5
   126 | D:2      | Reached skill level 2 in Fighting
   134 | D:2      | Found a snail-covered altar of Cheibriados.
   364 | D:1      | Reached XP level 3. HP: 28/28 MP: 7/7
   807 | D:1      | Reached skill level 3 in Fighting
  1203 | D:2      | Noticed Robin
  1444 | D:2      | Killed from afar by Robin

Illustrated notes

Levels and vault maps discovered:
D:1:      dpeg_arrival_radiant, layout_basic
D:2:      layout_rooms, basic_altar, uniq_robin

Skill      XL: |  1  2  3 |
---------------+----------+-----
Fighting       | 1 2 3 |  3.6
Dodging        | |  1.5
Stealth        | |  1.5
Spellcasting   | |  2.6
Conjurations   | |  0.7
Alchemy        | |  2.4

Action                     || total
---------------------------++-------
  Melee: Whip              ||   202
         Unarmed           ||     3
         Punch             ||     2
   Cast: Sting             ||     9
  Evoke: Wand              ||     3
 Armour: Robe              ||    12
         Ring mail         ||   175
  Dodge: Dodged            ||   151
